wizbiz, neutral female human Wizard -- ---------- .. | |..(.....| ------------- ...| |.........######## |`.........*|############ ....>....| |........| # # |.@...*.f...|# ## ...| |.......<| ########## ....-----...|############ .........| |........|# # |.[.|.{.|...|# ### --------- ----------###### ###|..`|{.{|*..|# # * # #....|.{.|...|# ### ###### |...--.--...|# # # # |.....*......####### #####*##-*.........*|# # -------------# #################### wizbiz the Conjurer Experience level: 4 Strength: 10 Dexterity: 14 Constitution: 13 Intelligence: 18 Wisdom: 9 Charisma: 12 Health: 28(28) Energy: 0(32) Def: 1 Gold: 374 Moves: 1813 Dungeon seed: Iv84GSn1p1hITYg7 Game ID: wizbiz_1526949901 Your Inventory: Coins $ - 374 gold pieces Weapons a - a blessed +1 quarterstaff (weapon in hands) o - 6 +0 darts B - a +0 sling I - 9 +0 shuriken Armor e - an uncursed +0 cloak of magic resistance (being worn) Comestibles q - 2 uncursed food rations t - an uncursed egg C - 2 uncursed tins of brown mold E - an uncursed slime mold K - an uncursed fortune cookie Scrolls i - 3 uncursed scrolls of light j - an uncursed scroll of teleportation s - an uncursed scroll of enchant weapon u - a cursed scroll of create monster A - a blessed scroll of enchant armor D - an uncursed scroll of charging H - an uncursed scroll of food detection Spellbooks k - a blessed spellbook of force bolt l - an uncursed spellbook of create monster Potions f - an uncursed potion of water g - an uncursed potion of extra healing h - an uncursed potion of sickness p - an uncursed potion of blindness v - an uncursed potion of gain ability w - 2 uncursed potions of sleeping x - an uncursed potion of oil z - a cursed potion of object detection F - an uncursed potion of paralysis G - a blessed potion of sickness Rings c - an uncursed ring of conflict d - an uncursed ring of sustain ability r - an uncursed ring of free action Wands b - a wand of striking (0:4) J - a wand of cancellation (0:6) Tools m - an uncursed blindfold Gems n - an uncursed worthless piece of violet glass Spells and supernatural/magical abilities: Name Level Category Fail Memory a - force bolt 1 attack 0% 91% O - create monster 2 clerical 53% 91% W - pray for help -- divine ? -- Your skills at the end: Fighting Skills Weapon Skills quarterstaff [Basic] Spellcasting Skills attack spells [Basic] enchantment spells [Basic] Final Attributes: You had sinned. You were magic-protected. You saw invisible. You survived. Vanquished creatures: 2 homunculi 3 orc zombies an iguana a hobbit 2 green molds 2 garter snakes a gnome zombie a gecko 4 jackals 2 kobolds a goblin 2 sewer rats a grid bug 5 lichens 2 kobold zombies 3 newts 33 creatures vanquished. Voluntary challenges: You were an atheist. You used a wielded weapon 24 times, starting on turn 41. You were illiterate. You never genocided any monsters. You never polymorphed an object. You never changed form. You used no wishes. You never split a pudding. You never wrote Elbereth's name. You violated your moral code, losing 28 points of alignment, starting on turn 1776. Dungeon overview: The Dungeons of Doom: levels 1 to 5 Level 1 a long staircase Level 2 Level 3 a fountain stairs to The Gnomish Mines Level 4 Level 5 <- You were here many fountains The Gnomish Mines: Level 4 stairs to The Dungeons of Doom History has recorded: On T:1 you entered the Dungeons of Doom to retrieve the Amulet of Yendor! On T:285 you reached level 2 of The Dungeons of Doom. On T:392 you reached level 3 of The Dungeons of Doom. On T:675 you advanced to experience level 2. On T:770 you reached level 4 of The Dungeons of Doom. On T:1013 you reached level 1 of The Gnomish Mines. On T:1027 you advanced to experience level 3. On T:1300 you reached level 5 of The Dungeons of Doom. On T:1781 you advanced to experience level 4. Score breakdown: Gold: 374 ( 8755 points) Experience: 4 levels ( 9649 points) Exploration: 5 levels ( 9.62%) ( 8401 points) Discoveries: 0 items ( 0.00%) ( 0 points) Valuables value: (no points given unless you survive) Artifact value: 0 ( 0 points) Variety of kills: 16 monsters ( 4.20%) ( 6147 points) Turncount: 1813 turns ( 0 points) Survival: quit (score multiplied by 90%) Total score: 29656 Latest messages: You see here 34 rocks. You see here 20 rocks. The spell hits it! You kill it! You see here 12 rocks. The spell hits the garter snake! You kill the garter snake! Welcome to experience level 4. You see here 22 rocks. (2x) You see here 53 rocks. You displace your kitten. You see here 65 rocks. You see here 39 rocks. You are beginning to feel hungry. Final status: Goodbye wizbiz the Wizard, quit... You quit in The Dungeons of Doom on dungeon level 5 with 29656 points, and 374 pieces of gold, after 1813 moves. You were level 4 with a maximum of 28 hit points when you quit.